 Dungeon Crawl Stone Soup version 0.31.0-1-g2c135a0 (webtiles) character file.

Game seed: 15840697689753323879

3256 edsrzf the Carver (level 10, -1/70 HPs)
             Began as a Formicid Delver on Jan 25, 2024.
             Was a High Priest of Cheibriados.
             Killed from afar by a steam dragon (18 damage)
             ... with a ball of steam
             ... on level 8 of the Dungeon.
             The game lasted 00:18:52 (6309 turns).

edsrzf the Carver (Formicid Delver)                 Turns: 6309, Time: 00:18:52

Health: -1/70      AC: 13    Str: 28    XL:     10   Next: 19%
Magic:  10/10      EV: 17    Int: 27    God:    Cheibriados [*****.]
Gold:   356        SH:  7    Dex: 27    Spells: 9/9 levels left

rFire   . . .        a - +3 great sword
rCold   . . .        k - +0 buckler
rNeg    . . .        j - +0 scale mail
rPois   .            (helmet unavailable)
rElec   .            x - +0 cloak
rCorr   .            h - +0 pair of gloves
SInv    +            (no boots)
Will    +....        (no amulet)
Stlth   +++          y - +5 ring of evasion
HPRegen 0.31/turn    v - +4 ring of protection
MPRegen 0.12/turn

%: no passive effects
@: very slow
A: permanent stasis, dig shafts and tunnels, antennae 3, four strong arms
a: Dig, Shaft Self, Renounce Religion, Bend Time, Temporal Distortion, Slouch,
Step From Time


You were on level 8 of the Dungeon.
You worshipped Cheibriados.
Cheibriados was extremely pleased with you.
You visited 2 branches of the dungeon, and saw 9 of its levels.
You also visited: Ossuary.

You collected 422 gold pieces.
You spent 66 gold pieces at shops.

Inventory:

Hand Weapons
 a - a +3 great sword (weapon)
 b - a +1 dagger of venom
Missiles
 g - 36 stones (quivered)
 s - 18 poisoned darts
Armour
 h - a +0 pair of gloves (worn)
 j - a +0 scale mail (worn)
 k - a +0 buckler (worn)
 x - a +0 cloak (worn)
Jewellery
 l - a ring of resist corrosion
 v - a +4 ring of protection (right hand)
 w - a ring of positive energy
 y - a +5 ring of evasion (left hand)
 z - a +4 ring of slaying
 I - a ring of fire
Wands
 f - a wand of digging (3)
 q - a wand of roots (33)
 H - a wand of mindburst (19)
 L - a wand of flame (13)
Scrolls
 c - 4 scrolls of fog
 d - 3 scrolls of revelation
 e - a scroll of fear
 r - a scroll of torment {unknown}
 D - 3 scrolls of enchant armour {unknown}
 F - 3 scrolls of amnesia {unknown}
 G - a scroll of teleportation {unknown}
 J - a scroll of identify {@r1}
 K - a scroll of noise {unknown}
Potions
 i - a potion of resistance
 m - 5 potions of curing
 n - 4 potions of magic
 o - 2 potions of enlightenment {unknown}
 p - a potion of brilliance {unknown}
 t - 2 potions of might
 u - 3 potions of attraction
 A - 2 potions of lignification {unknown}
 B - a potion of ambrosia
 C - 2 potions of invisibility
 E - a potion of haste


   Skills:
 - Level 3.2 Fighting
 + Level 12.2 Long Blades
 - Level 5.0 Armour
 - Level 2.2 Dodging
 - Level 6.0 Stealth
 - Level 5.0 Shields


You had 9 spell levels left.
You didn't know any spells.
Your spell library contained the following spells:

 Spells                   Type           Power      Damage    Failure   Level
 Apportation              Tloc           0%         N/A       28%         1
 Magic Dart               Conj           0%         1d3       28%         1
 Sting                    Conj/Alch      0%         1d3       28%         1
 Call Imp                 Summ           0%         N/A       41%         2
 Jinxbite                 Hex            0%         N/A       41%         2
 Lesser Beckoning         Tloc           0%         N/A       41%         2
 Mercury Vapours          Alch/Air       0%         N/A       41%         2
 Momentum Strike          Conj/Tloc      0%         3d8       41%         2
 Olgreb's Toxic Radiance  Alch           0%         N/A       96%         4
 Alistair's Intoxication  Alch           0%         N/A       100%        5
 Blink                    Tloc           Unusable   N/A       N/A         2

Dungeon Overview and Level Annotations

Branches:
Dungeon (8/15)             Temple (1/1) D:5         Ossuary (visited)
   Lair: D:8-11

Altars:
Ashenzari
Cheibriados
Dithmenos
Elyvilon
Fedhas
Hepliaklqana
Kikubaaqudgha
Makhleb
Nemelex Xobeh
Okawaru
Qazlal
Ru
Sif Muna
Trog
Uskayaw
Vehumet
Wu Jian
Xom
Yredelemnul
Zin
The Shining One

Shops:
D:2 !   D:3 :   D:6 *

Annotations:
D:8 3 runed translucent doors


Innate Abilities, Weirdness & Mutations

You cannot be hasted, slowed, berserked, paralysed or teleported.
You can dig through walls and to a lower floor.
You have a pair of large antennae on your head. (SInv)
Your four strong arms can wield two-handed weapons with a shield.


Message History

Things that are here:
a +0 whip; an orc corpse Prince Ribbit closely misses you.
Prince Ribbit croaks regally.
Prince Ribbit hits you. Prince Ribbit misses you.
Prince Ribbit barely misses you.
You miss Prince Ribbit.
Prince Ribbit is heavily wounded.
Prince Ribbit misses you.
You slice Prince Ribbit!!
You kill Prince Ribbit!
Cheibriados appreciates the change of pace.
Prince Ribbit returns to his original shape as he dies.
Your Long Blades skill increases to level 12!
Unknown command.
You start resting.
A shadow imp is nearby!
A shadow imp is nearby!
The shadow imp hits the bush but does no damage.
The shadow imp shouts!
The shadow imp shouts, "Crawl home, thou mangled saucy tiddler!"
The shadow imp hits you but does no damage.
The shadow imp gestures at you. Pain shoots through your body!
You completely miss the shadow imp. You block the shadow imp's attack.
You closely miss the shadow imp. The shadow imp misses you.
You slash the shadow imp!
You kill the shadow imp!
Cheibriados appreciates the change of pace.
Things that are here:
a +0 orcbow; a centaur corpse You start resting.
A steam dragon is nearby!
A steam dragon is nearby!
You throw a stone. The steam dragon hisses angrily.
The stone hits the steam dragon.
The steam dragon is moderately wounded.
You throw a stone. The stone hits the steam dragon.
The steam dragon is moderately wounded.
The steam dragon breathes steam at you. The ball of steam hits you.
The steam dragon barely misses you.
The steam dragon claws you but does no damage.
You closely miss the steam dragon.
The steam dragon is moderately wounded.
You are engulfed in a cloud of scalding steam.
The steam dragon barely misses you. The steam dragon misses you.
You closely miss the steam dragon.
The steam dragon is moderately wounded.
You are engulfed in a cloud of scalding steam.
The steam dragon completely misses you. The steam dragon closely misses you.
The steam dragon breathes steam at you. The ball of steam hits you!
The steam dragon breathes steam at you. The ball of steam hits you!
You closely miss the steam dragon.
The steam dragon is moderately wounded.
You are engulfed in a cloud of scalding steam.
The steam dragon barely misses you. The steam dragon completely misses you.
You block the steam dragon's attack. The steam dragon claws you.
The steam dragon bites you.
* * * LOW HITPOINT WARNING * * *
The steam dragon barely misses you.
You closely miss the steam dragon.
The steam dragon is moderately wounded.
The steam dragon breathes steam at you. The ball of steam misses you.
Okay, then.
The steam dragon bites you.
* * * LOW HITPOINT WARNING * * *
The steam dragon completely misses you.
You hit the steam dragon.
The steam dragon is moderately wounded.
You are engulfed in a cloud of scalding steam.
The steam dragon breathes steam at you. The ball of steam misses you.
You barely miss the steam dragon.
The steam dragon is moderately wounded.
You block the steam dragon's attack. The steam dragon completely misses you.
Okay, then.
Okay, then.
Unknown command.
Okay, then.
Okay, then.
Okay, then.
You barely miss the steam dragon.
The steam dragon is moderately wounded.
You block the steam dragon's attack. The steam dragon barely misses you.
You block the steam dragon's attack. The steam dragon claws you.
* * * LOW HITPOINT WARNING * * *
Okay, then.
You barely miss the steam dragon.
The steam dragon is moderately wounded.
The steam dragon bites you but does no damage.
The steam dragon misses you.
You slash the steam dragon!
The steam dragon is severely wounded.
The steam dragon breathes steam at you. The ball of steam hits you!!
You die...

..............)...##.............
................†##..........[...
.................................
..♣P.P.♣PP.).#...........♣♣..P.♣♣
P♣♣P.P♣♣♣.)....♣#'#♣...♣♣...♣♣♣
♣.PPP.♣♣......##÷##.....♣♣♣..P
..P...........§+.).+.....P♣♣P.♣
...P.⌠.P.P.....§##.##...........
... ....P.P.....@♣#'#♣...........
.. .P.P.♣......D♣♣[P............
P P♣♣♣..........♣.P♣P♣....♣♣ ..
PP........PP♣♣.......P♣P
.........................
.....................⌠...♣
.#.##...................P♣
.........♣...♣P♣♣P.......
........♣...♣P..♣P......


You could see a steam dragon (catching breath).

Vanquished Creatures
  Prince Ribbit (D:8)
  2 wyverns (D:8)
  A steam dragon (D:7)
  An acid dragon (D:8)
  2 water moccasins
  2 black bears (D:8)
  3 ice beasts
  A sky beast (D:7)
  A centaur (D:8)
  A phantom (D:7)
  3 bullfrogs
  A kobold brigand (D:8)
  A scorpion (D:6)
  6 wights
  A killer bee (D:8)
  4 howler monkeys
  An electric eel (D:6)
  2 centaur zombies (Ossuary)
  A bombardier beetle (D:5)
  An orc priest (D:3)
  A hound (D:3)
  2 sleepcaps
  4 iguanas
  2 orc wizards (D:5)
  A scorpion zombie (D:6)
  4 crocodile zombies (Ossuary)
  2 mummies (Ossuary)
  4 howler monkey skeletons (D:6)
  6 adders
  2 shadow imps
  3 white imps
  4 ufetubi
  2 dart slugs
  4 ribbon worms
  24 orcs
  10 ball pythons
  4 endoplasms
  A giant cockroach (D:4)
  A gnoll zombie (Ossuary)
  6 goblins
  5 hobgoblins
  8 jackals
  3 kobolds
  9 quokkas
  9 bats
  7 frilled lizards
  4 rats
168 creatures vanquished.

Notes
Turn   | Place    | Note
-------+----------+-------------------------------------------
     0 | D:5      | edsrzf the Formicid Delver began the quest for the Orb.
     0 | D:5      | Reached XP level 1. HP: 18/18 MP: 1/1
    37 | D:5      | Found a staircase to the Ecumenical Temple.
    48 | Temple   | Entered the Ecumenical Temple
    93 | Temple   | Became a worshipper of Cheibriados the Contemplative
   148 | D:5      | Noticed a howler monkey
   159 | D:5      | Reached XP level 2. HP: 16/24 MP: 2/2
   217 | D:5      | Noticed a water moccasin
   342 | D:4      | Reached skill level 3 in Long Blades
   469 | D:4      | Reached XP level 3. HP: 26/29 MP: 3/3
   512 | D:4      | Reached skill level 1 in Armour
   550 | D:4      | Noticed an ice beast
   711 | D:3      | Reached * piety under Cheibriados
   712 | D:3      | Reached skill level 2 in Armour
   712 | D:3      | Reached XP level 4. HP: 27/35 MP: 4/4
   816 | D:3      | Reached skill level 4 in Long Blades
   816 | D:3      | Reached XP level 5. HP: 21/41 MP: 5/5
  1048 | D:3      | Found Ytav's Book Shop.
  1233 | D:2      | Found Giusmix Poph's Distillery.
  1254 | D:2      | Bought a potion of attraction for 33 gold pieces
  1254 | D:2      | Bought a potion of curing for 33 gold pieces
  1495 | D:2      | Reached ** piety under Cheibriados
  1496 | D:2      | Reached skill level 3 in Armour
  1869 | D:1      | Reached *** piety under Cheibriados
  2021 | D:1      | Found a faded altar of an unknown god.
  2622 | D:4      | Identified 5 scrolls of identify
  2622 | D:4      | Identified a potion of resistance
  2623 | D:4      | Identified a potion of degeneration
  2624 | D:4      | Identified a potion of berserk rage
  2625 | D:4      | Identified a potion of might
  2626 | D:4      | Identified a potion of ambrosia
  3067 | D:4      | Reached XP level 6. HP: 45/47 MP: 6/6
  3149 | D:4      | Killed an ice beast
  3150 | D:4      | Reached skill level 5 in Long Blades
  3150 | D:4      | Reached skill level 4 in Armour
  3199 | D:5      | Noticed an ice beast
  3207 | D:5      | Killed an ice beast
  3208 | D:5      | Reached XP level 7. HP: 42/52 MP: 7/7
  3318 | D:5      | Reached skill level 5 in Armour
  3352 | D:5      | Reached skill level 2 in Dodging
  3414 | D:5      | Reached **** piety under Cheibriados
  3489 | D:5      | Reached skill level 6 in Long Blades
  3489 | D:5      | Reached skill level 1 in Shields
  3532 | D:5      | Killed a water moccasin
  3533 | D:5      | Reached skill level 2 in Shields
  3637 | D:5      | Reached XP level 8. HP: 56/58 MP: 8/8
  4109 | D:6      | Found Riozxub's Gadget Gallery.
  4123 | D:6      | Identified a potion of invisibility
  4155 | D:6      | Identified 3 potions of magic
  4214 | D:6      | Reached skill level 3 in Shields
  4242 | D:6      | Reached skill level 4 in Shields
  4275 | D:6      | Found a sand-covered staircase.
  4291 | Ossuary  | Entered an ossuary
  4315 | Ossuary  | Reached skill level 7 in Long Blades
  4334 | Ossuary  | Reached skill level 5 in Shields
  4526 | D:6      | Reached skill level 8 in Long Blades
  4665 | D:6      | Found a white marble altar of Elyvilon.
  4917 | D:6      | Identified a potion of haste
  4931 | D:6      | Reached XP level 9. HP: 60/64 MP: 9/9
  5248 | D:7      | Reached skill level 9 in Long Blades
  5287 | D:7      | Reached ***** piety under Cheibriados
  5691 | D:7      | Reached skill level 10 in Long Blades
  5899 | D:8      | Found a runed translucent gate.
  5899 | D:8      | Found a runed translucent gate.
  5899 | D:8      | Found a runed translucent gate.
  6019 | D:8      | Reached skill level 11 in Long Blades
  6029 | D:8      | Reached XP level 10. HP: 36/70 MP: 10/10
  6137 | D:8      | Noticed Prince Ribbit
  6224 | D:8      | Killed Prince Ribbit
  6225 | D:8      | Reached skill level 12 in Long Blades
  6309 | D:8      | Killed from afar by a steam dragon

Illustrated notes

Levels and vault maps discovered:
D:1:      dpeg_arrival_snail, layout_basic, chequers_ecumenical_altar_twisty,
          minmay_tetromino_t4
D:2:      layout_loops_ring, serial_shops, shop
D:3:      layout_rooms, serial_shops, nicolae_book_shop_shelving
D:4:      layout_basic
D:5:      layout_loops_ring, minmay_temple_entry_glassed_door,
          chequers_serial_rivers_large_a
D:6:      layout_gridville, nicolae_elyvilon_temple_path,
          mainiacjoe_ossuary_entry_find_the_door, nicolae_shop_gadgets
D:7:      layout_cave_pools, kennysheep_generic_room_15
D:8:      layout_cave_pools, gammafunk_ghost_necromancy, serial_park,
          serial_park_square3 [serial_park_minivault_5x5_6], serial_park_paths
          [serial_park_minivault_5x5_3], serial_park_square1
          [serial_park_minivault_5x5_7], serial_library_regret_index_split_case,
          uniq_prince_ribbit1
Temple:   mainiacjoe_temple_cubbyholes

Skill      XL: |  1  2  3  4  5  6  7  8  9 10 |
---------------+-------------------------------+-----
Long Blades    | 3 4 5 6 8 11 12 | 12.2
Armour         | 2 3 4 5 |  5.0
Dodging        | 2 |  2.2
Shields        | 2 5 |  5.0
Fighting       | |  3.2
Stealth        | |  6.0

Action                     |  1- 3 |  4- 6 |  7- 9 | 10-12 || total
---------------------------+-------+-------+-------+-------++-------
  Melee: Falchion          |    26 |       |       |       ||    26
         Dagger            |    39 |   196 |    73 |       ||   308
         Great sword       |       |    15 |   164 |    34 ||   213
         Punch             |       |     2 |     1 |       ||     3
  Throw: Stone             |     2 |    14 |    12 |     2 ||    30
    Use: Scroll            |       |     5 |     4 |     1 ||    10
   Stab: Sleeping          |       |     9 |     9 |       ||    18
         Distracted        |       |       |     1 |       ||     1
 Armour: Leather armour    |     8 |       |       |       ||     8
         Scale mail        |    29 |    96 |   128 |    31 ||   284
  Dodge: Dodged            |    27 |   118 |   192 |    44 ||   381
  Block: Buckler           |       |       |    77 |    15 ||    92
